 Dungeon Crawl Stone Soup version 0.30-a0-799-g109b55a442 (webtiles) character file.

Game seed: 15020790189506580039

70 lesbiats the Ruffian (level 4, -9/44 HPs)
             Began as a Troll Fighter on Feb 20, 2023.
             Blown up by Ijyb (19 damage)
             ... with a mindburst bolt
             ... on level 3 of the Dungeon.
             The game lasted 00:05:21 (1873 turns).

lesbiats the Ruffian (Troll Fighter)                Turns: 1873, Time: 00:05:21

Health: -9/44      AC:  4    Str: 24    XL:     4   Next: 4%
Magic:  3/3        EV:  8    Int:  6    God:
Gold:   89         SH:  7    Dex:  9    Spells: 1/3 levels left

rFire   . . .      SeeInvis .      - Unarmed
rCold   . . .      Faith    .    b - +0 kite shield
rNeg    . . .      Spirit   .    a - +0 robe
rPois   .          Reflect  .    (helmet restricted)
rElec   .          Harm     .    (no cloak)
rCorr   .          Rampage  .    (gloves unavailable)
Will    .....                    (boots unavailable)
Stlth   +                        (no amulet)
HPRegen 1.07/turn                (no ring)
MPRegen 0.08/turn                (no ring)

@: no status effects
A: large, unfitting armour, claws 3, regeneration 1, shaggy fur 1, tough skin 1
a: no special abilities


You were on level 3 of the Dungeon.
You visited 1 branch of the dungeon, and saw 3 of its levels.

You collected 89 gold pieces.

Inventory:

Missiles
 i - 11 poisoned darts (quivered)
Armour
 a - a +0 robe (worn)
 b - a +0 kite shield (worn)
Jewellery
 l - a ring of fire
 m - a +4 ring of protection
Scrolls
 d - 2 scrolls of blinking {unknown}
 e - a scroll of enchant armour {unknown}
 f - 2 scrolls of teleportation {unknown}
 g - a scroll of noise {unknown}
 k - a scroll of identify {unknown}
 n - a scroll of poison {unknown}
 p - a scroll of immolation {unknown}
 q - a scroll of magic mapping {unknown}
Potions
 c - 2 potions of might
 h - a potion of ambrosia {unknown}
 j - 2 potions of brilliance {unknown}
 o - a potion of mutation {unknown}
 r - a potion of degeneration {unknown}


   Skills:
 + Level 2.9 Fighting
 - Level 2.4 Dodging
 + Level 3.2 Shields
 * Level 3.4 Unarmed Combat


You had one spell level left.
You knew the following spells:

 Your Spells              Type           Power      Damage    Failure   Level
a - Passwall              Tmut/Erth      0%         N/A       87%         2

Your spell library contained the following spells:

 Spells                   Type           Power      Damage    Failure   Level
 Sting                    Tmut/Pois      0%         1d3       75%         1
 Blink                    Tloc           0%         N/A       87%         2
 Ensorcelled Hibernation  Hex/Ice        0%         N/A       87%         2
 Lesser Beckoning         Tloc           0%         N/A       87%         2
 Momentum Strike          Conj/Tloc      0%         3d8       87%         2
 Poisonous Vapours        Pois/Air       0%         N/A       87%         2
 Swiftness                Air            0%         N/A       98%         3
 Olgreb's Toxic Radiance  Pois           0%         N/A       100%        4


Dungeon Overview and Level Annotations

Branches:
Dungeon (3/15)

Altars:

Annotations:
D:3 Ijyb


Innate Abilities, Weirdness & Mutations

You are too large for most types of armour.
You have claws for hands.
Your natural rate of healing is unusually fast.
You are covered in fur. (AC +1)
You have tough skin. (AC +1)


Message History

Ijyb attacks as you move away! You block Ijyb's attack.
Ijyb zaps a wand.
Your mind is blasted!
You barely miss the quokka.
The quokka bites you but does no damage.
You block the quokka's attack.
You scratch the quokka.
The quokka is moderately wounded.
The quokka bites you.
You claw the quokka!
You kill the quokka!
You barely miss Ijyb.
Ijyb is lightly wounded.
Ijyb zaps a wand.
Your mind is blasted!
You scratch Ijyb.
Ijyb is moderately wounded.
Ijyb barely misses you. You block Ijyb's attack.
You claw Ijyb!
Ijyb is severely wounded.
Ijyb barely misses you.
You scratch Ijyb.
Ijyb is almost dead.
Ijyb hits you with a +0 club.
You barely miss Ijyb.
Ijyb is almost dead.
Ijyb closely misses you.
You scratch Ijyb but do no damage.
Ijyb is almost dead.
Ijyb zaps a wand.
Your mind is blasted!
* * * LOW HITPOINT WARNING * * *
You barely miss Ijyb.
Ijyb is almost dead.
Ijyb hits you with a +0 club.
* * * LOW HITPOINT WARNING * * *
You closely miss Ijyb.
Ijyb is almost dead.
You block Ijyb's attack.
You closely miss Ijyb.
Ijyb is almost dead.
Ijyb zaps a wand.
Your mind is blasted!
You die...

......# #.# #...# ...... #.#
###...#### .....# ###.#
#......?.### .....#
.[.###...........
.....#######..##...........
..............##................
................................#
...).........###g#######........#
#............###@## #........#
#..............#..######........#
#..............##......#.........
#..............#######.#.........
#............### #...##.#....
############.# ###....#.... #.#
###..#.... ###†### #.......
#######.....# #.#.....


You could see Ijyb.

Vanquished Creatures
  An adder (D:3)
  3 worms
  A dart slug (D:1)
  2 orcs
  6 bats (D:1)
  6 endoplasms
  3 giant cockroaches
  2 goblins
  2 hobgoblins
  3 quokkas
  3 ball pythons
  4 frilled lizards
  10 kobolds
  2 rats (D:1)
48 creatures vanquished.

Notes
Turn   | Place    | Note
-------+----------+-------------------------------------------
     0 | D:1      | lesbiats the Troll Fighter began the quest for the Orb.
     0 | D:1      | Reached XP level 1. HP: 22/22 MP: 0/0
   196 | D:1      | Found a faded altar of an unknown god.
   233 | D:1      | Reached XP level 2. HP: 29/29 MP: 1/1
  1198 | D:2      | Reached XP level 3. HP: 36/36 MP: 2/2
  1597 | D:2      | Learned a level 2 spell: Passwall
  1819 | D:3      | Reached XP level 4. HP: 44/44 MP: 3/3
  1849 | D:3      | Noticed Ijyb
  1873 | D:3      | Blown up by Ijyb

Illustrated notes

Levels and vault maps discovered:
D:1:      minmay_arrival_loop, layout_loops_corners,
          ebering_ecumenical_altar_webs
D:2:      layout_loops_corners
D:3:      layout_basic, uniq_terence, uniq_ijyb, uniq_crazy_yiuf_cottage

Skill      XL: |  1  2  3 |
---------------+----------+-----
Shields        | 3 |  3.2
Unarmed Combat | 3 |  3.4
Fighting       | |  2.9
Dodging        | |  2.4

Action                     |  1- 3 |  4- 6 || total
---------------------------+-------+-------++-------
  Melee: Unarmed           |   121 |    18 ||   139
 Armour: Robe              |    36 |     1 ||    37
  Dodge: Dodged            |    31 |     6 ||    37
  Block: Kite shield       |    33 |     7 ||    40

Table legend: (Time is in decaauts)
 A = Elapsed time spent in this place.
 B = Non-inter-level travel time spent in this place.
 C = Inter-level travel time spent in this place.
 D = Time resting spent in this place.
 E = Time spent auto-exploring this place.
 F = Levels seen in this place.
 G = Mean time per level.
                   A        B        C        D        E       F      G
               +--------+--------+--------+--------+--------+-----+--------+
         Total |   1884 |   1799 |     85 |      0 |   1460 |   3 |  628.0 |
       Dungeon |   1884 |   1799 |     85 |      0 |   1460 |   3 |  628.0 |
               +--------+--------+--------+--------+--------+-----+--------+

Top non-repeatable levels by time:
     D:1: 843 daAuts
     D:2: 836 daAuts
     D:3: 204 daAuts
